AoeStats
← Xtreme | ticohzao

Arena

505987983Analyzed
4v4 RM · 21d ago on Sep 11, 2026· 48m 21s· 8 players
Game mode
Random Map
Map size
Large (8 player)
Population
200
Speed
Normal
Resources
Standard
Victory
Conquest
Starting age
Dark Age
Ending age
Imperial Age
RankedLock teamsTeams togetherTeam positionsShared explorationLock speedFull tech treeHidden civsTurbo modeCheats
Victory
Defeat
🇪🇸 Franks · Spain
1586
+8
🇸🇪 Khitans · Sweden
1418
+14
🇹🇷 Mongols · Türkiye
1407
+15
🇫🇮 Spanish · Finland
1222
+21
🇧🇷 Spanish · Brazil
1471
-18
🇧🇷 Persians · Brazil
1397
-15
🇧🇷 Franks · Brazil
1336
-13
🇹🇼 Aztecs · Taiwan
1303
-12
Nobody
10:15 Feudal Age
13:48 Castle Age
12:26 Double-Bit Axe
14:59 Bow Saw
22:10 Loom
24:22 Wheelbarrow
23:46 Gold Mining
25:19 Husbandry
26:38 Hand Cart
30:01 Imperial Age
28:53 Gold Shaft Mining
28:05 Town Watch
28:37 Forging
29:14 Scale Barding Armor
30:16 Iron Casting
30:39 Chain Barding Armor
30:04 Cavalier
31:22 Conscription
31:35 Paladin
34:06 Chemistry
33:12 Siege Engineers
34:12 Plate Barding Armor
34:38 Blast Furnace
34:51 Light Cavalry
38:14 Coinage
37:45 Caravan
43:08 Murder Holes
43:24 Masonry
43:05 Fletching
Bzm_JöNTüRK
9:03 Feudal Age
13:33 Castle Age
12:01 Horse Collar
13:31 Double-Bit Axe
15:13 Bow Saw
19:06 Heavy Plow
19:31 Stone Mining
24:00 Gold Mining
25:55 Wheelbarrow
28:25 Imperial Age
26:30 Fletching
26:41 Padded Archer Armor
28:04 Hand Cart
27:47 Bodkin Arrow
28:14 Ballistics
30:10 Conscription
30:58 Chemistry
29:59 Bracer
30:43 Leather Archer Armor
31:36 Elite Mangudai
33:38 Husbandry
33:48 Bloodlines
38:08 Scale Barding Armor
37:32 Light Cavalry
38:24 Forging
38:08 Hussar
40:17 Chain Barding Armor
46:13 Iron Casting
Jardel
10:18 Feudal Age
11:51 Loom
15:19 Castle Age
16:36 Forging
20:08 Scale Barding Armor
22:13 Double-Bit Axe
22:09 Domestication
24:39 Husbandry
24:50 Pastoralism
25:54 Fletching
26:53 Wheelbarrow
27:10 Chain Barding Armor
29:10 Bodkin Arrow
29:24 Elite Skirmisher
40:00 Pikeman
Full power No shower
11:17 Feudal Age
14:57 Castle Age
13:36 Double-Bit Axe
15:20 Loom
16:17 Bow Saw
16:14 Horse Collar
34:53 Imperial Age
34:32 Gold Mining
36:28 Elite Conquistador
37:52 Scale Barding Armor
39:00 Wheelbarrow
39:48 Stone Mining
42:20 Hand Cart
49:18 Supremacy
屁屁寶寶
8:54 Feudal Age
9:25 Double-Bit Axe
9:21 Horse Collar
11:16 Loom
11:59 Gold Mining
14:04 Wheelbarrow
15:28 Man-at-Arms
19:45 Castle Age
18:38 Fletching
19:07 Padded Archer Armor
19:39 Scale Mail Armor
20:30 Forging
20:19 Elite Skirmisher
21:29 Squires
22:01 Bow Saw
26:09 Town Watch
27:03 Bodkin Arrow
27:55 Leather Archer Armor
28:27 Gold Shaft Mining
35:31 Pikeman
39:47 Hand Cart
44:05 Heavy Plow
Xtreme | Rayden
10:33 Feudal Age
15:13 Castle Age
14:02 Double-Bit Axe
14:47 Horse Collar
19:27 Loom
20:50 Town Watch
23:09 Bow Saw
25:13 Wheelbarrow
25:32 Heavy Plow
26:50 Padded Archer Armor
27:05 Gold Mining
29:15 Leather Archer Armor
31:33 Imperial Age
30:06 Fletching
33:46 Conscription
33:59 Ring Archer Armor
33:25 Bodkin Arrow
34:35 Two-Man Saw
33:57 Thumb Ring
34:56 Chemistry
34:25 Husbandry
34:36 Bloodlines
34:19 Elite Skirmisher
35:34 Ballistics
35:16 Bracer
35:29 Masonry
36:24 Supremacy
40:33 Forging
40:23 Scale Mail Armor
40:02 Light Cavalry
40:48 Scale Barding Armor
41:13 Hussar
42:30 Iron Casting
44:50 Chain Barding Armor
[Rz] TK_puxa
10:19 Feudal Age
11:53 Loom
14:30 Castle Age
12:50 Double-Bit Axe
14:38 Gold Mining
21:22 Scale Barding Armor
23:09 Husbandry
25:55 Gold Shaft Mining
26:12 Stone Mining
27:06 Chain Barding Armor
27:46 Forging
28:44 Wheelbarrow
31:17 Imperial Age
30:50 Iron Casting
31:17 Bow Saw
31:30 Fletching
31:45 Cavalier
32:54 Conscription
34:20 Hoardings
34:35 Bodkin Arrow
35:16 Plate Barding Armor
34:25 Pikeman
35:05 Squires
34:50 Gambesons
34:51 Arson
35:10 Scale Mail Armor
36:38 Blast Furnace
35:55 Halberdier
37:37 Chain Mail Armor
40:34 Murder Holes
41:47 Plate Mail Armor
47:05 Hand Cart
46:36 Town Watch
Xtreme | ticohzao
10:39 Feudal Age
14:35 Castle Age
12:51 Double-Bit Axe
17:46 Horse Collar
18:33 Bow Saw
22:49 Wheelbarrow
21:59 Loom
23:25 Gold Mining
25:52 Heavy Plow
28:36 Imperial Age
26:28 Stone Mining
26:28 Town Watch
28:12 Husbandry
28:23 Bloodlines
28:19 Scale Barding Armor
28:25 Forging
28:34 Hand Cart
28:47 Cavalier
30:01 Chain Barding Armor
31:03 Iron Casting
31:08 Gold Shaft Mining
31:51 Plate Barding Armor
31:47 Conscription
33:21 Blast Furnace
32:38 Savar
36:12 Fletching
36:22 Padded Archer Armor
36:27 Town Patrol
37:08 Crop Rotation
42:06 Stone Shaft Mining
42:23 Bodkin Arrow
43:16 Scale Mail Armor
43:11 Pikeman
43:51 Squires
43:37 Gambesons
43:38 Arson
44:46 Chain Mail Armor
46:14 Plate Mail Armor
45:11 Halberdier
Connection lost

Rejoining the realm…

Still unreachable

The connection could not be restored.

Session expired

The server has moved on; the page needs a fresh start.